 Dungeon Crawl Stone Soup version 0.28.0 (webtiles) character file.

Game seed: 4220726810561513628

21 multipassport the Skirmisher (level 2, -1/33 HPs)
             Began as an Ogre Fighter on Feb 9, 2022.
             Slain by an endoplasm (3 damage)
             ... on level 1 of the Dungeon.
             The game lasted 00:04:18 (344 turns).

multipassport the Skirmisher (Ogre Fighter)          Turns: 344, Time: 00:04:19

Health: -1/33      AC:  3    Str: 19    XL:     2   Next: 83%
Magic:  2/2        EV:  8    Int:  9    God:
Gold:   27         SH:  7    Dex:  8    Spells: 1/1 levels left

rFire   . . .      SeeInvis .   a - +0 trident
rCold   . . .      Faith    .   c - +0 kite shield
rNeg    . . .      Spirit   .   b - +0 robe
rPois   .          Reflect  .   (helmet restricted)
rElec   .          Harm     .   (no cloak)
rCorr   .          Rampage  .   (gloves unavailable)
Will    .....                   (boots unavailable)
Stlth   +.........              (no amulet)
HPRegen 0.11/turn               (no ring)
MPRegen 0.08/turn               (no ring)

@: mighty
A: large, unfitting armour, tough skin 1
a: no special abilities


You were on level 1 of the Dungeon.
You visited 1 branch of the dungeon, and saw 1 of its levels.

You collected 27 gold pieces.

Inventory:

Hand Weapons
 a - a +0 trident (weapon)
Armour
 b - a +0 robe (worn)
 c - a +0 kite shield (worn)
Magical Staves
 e - a staff of fire
Potions
 d - a potion of might
 f - a potion of invisibility {unknown}


   Skills:
 + Level 4.4 Fighting
 + Level 2.3 Polearms
 + Level 2.9 Dodging
 + Level 2.9 Shields


You had one spell level left.
You didn't know any spells.
Your spell library contained the following spells:

 Spells                   Type           Power      Damage    Failure   Level
 Frozen Ramparts          Ice            0%         1d2       96%         3
 Ice Form                 Ice/Tmut       0%         N/A       100%        4
 Summon Ice Beast         Ice/Summ       0%         N/A       100%        4


Dungeon Overview and Level Annotations

Branches:
Dungeon (1/15)

Altars:


Innate Abilities, Weirdness & Mutations

You are too large for most types of armour.
You have tough skin. (AC +1)


Message History

The jackal bites you. x2
The jackal bites you but does no damage.
The frilled lizard bites you but does no damage.
The jackal bites you but does no damage.
The jackal closely misses you.
You hit the jackal.
You kill the jackal!
You block the jackal's attack. The frilled lizard barely misses you.
You block the jackal's attack.
The giant cockroach bites you but does no damage.
The jackal bites you.
You puncture the giant cockroach!
You kill the giant cockroach!
The jackal barely misses you. You block the jackal's attack.
The frilled lizard bites you but does no damage.
You block the jackal's attack. The jackal bites you.
* * * LOW HITPOINT WARNING * * *
The frilled lizard bites you but does no damage.
You block the jackal's attack.
Things that are here:
a giant cockroach corpse; a jackal corpse You closely miss the jackal.
The jackal barely misses you.
You closely miss the jackal. You block the jackal's attack.
The jackal bites you.
* * * LOW HITPOINT WARNING * * *
The endoplasm hits you.
* * * LOW HITPOINT WARNING * * *
You miss the jackal. You block the jackal's attack.
The endoplasm barely misses you.
The jackal bites you but does no damage.
You hit the jackal.
The jackal is lightly wounded.
The jackal bites you but does no damage.
The endoplasm freezes you.
You are frozen.
* * * LOW HITPOINT WARNING * * *
The jackal barely misses you.
You feel very mighty all of a sudden. The endoplasm hits you.
You die...

####'########..........#
##..........#..........# ##
............#..........# ...
.#..........#..........# ....
.........(..#..........###.....
.#.......†..#..................
............#.J..h...J.........
#..########...†##J#####)#.#'###
..............lh@..........>..
##.######)#....##.......#.....
#.######.#....###......#......
#..##....#....# ......# .....
###.##....##..... ....... ... .
..........##.....#......# ...
........#.##.....#......#
........#.##.....# ....
........#.##.....# ###+###.


You could see an endoplasm, 2 jackals and a frilled lizard.

Vanquished Creatures
  2 endoplasms (D:1)
  A giant cockroach (D:1)
  5 goblins (D:1)
  A hobgoblin (D:1)
  2 jackals (D:1)
  A bat (D:1)
  3 frilled lizards (D:1)
  A kobold (D:1)
  4 rats (D:1)
20 creatures vanquished.

Notes
Turn   | Place    | Note
-------+----------+-------------------------------------------
     0 | D:1      | multipassport the Ogre Fighter began the quest for the Orb.
     0 | D:1      | Reached XP level 1. HP: 24/24 MP: 1/1
   138 | D:1      | Reached XP level 2. HP: 32/32 MP: 2/2
   344 | D:1      | Slain by an endoplasm

Illustrated notes

Levels and vault maps discovered:
D:1:      amcnicky_arrival_gap_in_the_tavern_cellar, layout_basic,
          dreamdust_ecumenical_altar_drowned_temple

Action                   || total
-------------------------++-------
Melee: Trident           ||    67
  Use: Potion            ||     1
Armor: Robe              ||    32
Dodge: Dodged            ||    35
Block: Kite shield       ||    40
